Unix NetHack Version 5.0.0-0 post-release - last build Jun 10 2026 00:39:30 (3ee93aec679c4c4259841fe613dc97188e26a321,branch:main).

Game began 2026-06-15 19:58:00, ended 2026-06-15 20:03:52.

CyberFan, lawful female dwarven Archeologist

  ---------------
  |.......`..>...
  |.............|
  |..............#                                                 -----------
  |.....`.......|#                                                 |.......{.|
  -----------.---#                                                #$.........|
       #######   #                                                #|.........|
     ###         #                                                #|..<......|
    @#           ###                                             ##-----------
 ---|---          #                                 -----        #
 |.....|          ##               ##               |...|        #
 |+?=)!|           #------------##  ###       #     |...-#########
 |!/%)/|           #|...........###### -------######....|
 -------           #...........|     # |.....-##    |...|
                    |......{...|     # |.....|      |...|
                    ------------     ##-.....|      ---+-
                                       -------

CyberFan the Digger        St:16 Dx:9 Co:10 In:16 Wi:13 Ch:10  Lawful
Dlvl:4  $:51 HP:0(21) Pw:5(5) AC:8  Xp:2/38 T:1338 

Latest messages:
 You hear someone counting gold coins.
 You hear the splashing of a naiad.
 w - a lembas wafer.
 You swap places with your kitten.
 x - an iron ring.
 Ouch!  You bump into a door.
 In what direction?
 This door is locked.
 What do you want to use or apply? [ae-hl or ?*]
 In what direction do you want to dig? [hykulnb>]
 You start chopping at the door.
 You hit the door with all your might.
 You break through the door with your pick-axe.
 You swap places with your kitten.
 y - a jackfruit.
 You swap places with your kitten.
 You descend the stairs.
 You climb up the stairs.
 Ouch!  You bump into a door.
 In what direction?
 The door opens.
 "Hello, CyberFan!  Welcome to Kabalebo's general store!"
 "Will you please leave your pick-axe outside?"
 What do you want to drop? [$abd-lnpr-y or ?*]
 You drop an uncursed +0 pick-axe.
 What do you want to wield? [- a or ?*]
 a - an uncursed +2 bullwhip (weapon in right hand).
 You have no secondary weapon readied.
 You see here a scroll of enchant weapon (for sale, 80 zorkmids).
 You see here a platinum wand (for sale, 200 zorkmids).
 You see here 2 oranges (for sale, 24 zorkmids).
 You see here 7 darts (for sale, 21 zorkmids).
 You see here a platinum wand (for sale, 200 zorkmids).
 You see here a white potion (for sale, 356 zorkmids).
 There is an open door here.
 You see here an uncursed +0 pick-axe.
 The kitten picks up a dart.
 e - an uncursed +0 pick-axe.
 What do you want to wield? [- ae or ?*]
 e - an uncursed +0 pick-axe (weapon in right hand).
 What do you want to wield? [- ae or ?*]
 a - an uncursed +2 bullwhip (weapon in right hand).
 You lash the acid blob.
 You are splashed by the acid blob's acid!
 You kill the acid blob!
 You are splashed by the acid blob's acid!
 You see here an acid blob corpse.
 There is an acid blob corpse here; eat it? [ynq] (n)
 You have a very bad case of stomach acid.
 You die...

Inventory:
 Coins    ('$')
  $ - 51 gold pieces
 Weapons  (')')
  a - an uncursed +2 bullwhip (weapon in right hand)
 Armor    ('[')
  j - an uncursed +0 orcish helm (being worn)
  b - an uncursed +0 leather jacket (being worn)
 Comestibles  ('%')
  y - an uncursed jackfruit
  d - 6 uncursed food rations
  w - an uncursed lembas wafer
  n - an uncursed lichen corpse
 Scrolls  ('?')
  i - a blessed scroll of enchant weapon
  k - an uncursed scroll of enchant weapon
  u - an uncursed scroll of identify
 Potions  ('!')
  t - a blessed potion of confusion
  s - an uncursed potion of healing
  p - an uncursed potion of sleeping
  r - an uncursed potion of speed
 Rings    ('=')
  x - an uncursed +2 ring of gain strength
 Wands    ('/')
  l - an uncursed wand of light (0:10)
 Tools    ('(')
  h - an empty uncursed sack
  e - an uncursed +0 pick-axe
  f - an uncursed tinning kit (0:39)
 Gems/Stones  ('*')
  v - 2 uncursed worthless pieces of yellowish brown glass
  g - an uncursed touchstone

CyberFan the Archeologist's attributes:

Background:
 You were a Digger, a level 2 female dwarven Archeologist.
 You were lawful, on a mission for Quetzalcoatl
 who was opposed by Camaxtli (neutral) and Huhetotl (chaotic).
 You were right-handed.
 You were in the Dungeons of Doom, on level 4.
 You entered the dungeon 1338 turns ago.
 There was a new moon in effect when your adventure ended.
 You had 38 experience points, 2 more were needed to attain level 3.

Basics:
 You had 0 out of 21 hit points.
 You had all 5 energy points (spell power).
 Your armor class was 8.
 Your wallet contained 51 zorkmids.
 Autopickup was on for '$%?!"=/*' plus thrown, with exceptions.

Final Characteristics:
 Your strength was 16 (limit:18/100).
 Your dexterity was 9 (limit:20).
 Your constitution was 10 (limit:20).
 Your intelligence was 16 (limit:16).
 Your wisdom was 13 (peak:14, limit:16).
 Your charisma was 10 (limit:16).

Final Status:
 You weren't hungry.
 You were unencumbered.
 You were wielding a whip.
 You had basic skill with whip.

Final Attributes:
 You were devoutly aligned.
 You had automatic searching.
 You had infravision.
 You are dead.

Miscellaneous:
 You disabled loading and storing of bones levels.
 Total elapsed playing time was 5 minutes and 52 seconds.

Major events:
 Turn
    1: CyberFan the lawful female dwarven Archeologist entered the dungeon
 1292: entered the Gnomish Mines
 1338: killed by an acidic corpse

You didn't know any spells.

Skills:
 Fighting Skills
   bare handed combat [Unskilled]
   two weapon combat  [Unskilled]
   riding             [Unskilled]
 Weapon Skills
   dagger             [Unskilled]
   knife              [Unskilled]
   pick-axe           [Basic]
   short sword        [Unskilled]
   saber              [Unskilled]
   club               [Unskilled]
   quarterstaff       [Unskilled]
   sling              [Unskilled]
   dart               [Unskilled]
   boomerang          [Unskilled]
   whip               [Basic]
   unicorn horn       [Unskilled]
 Spellcasting Skills
   attack spells      [Unskilled]
   healing spells     [Unskilled]
   divination spells  [Unskilled]
   matter spells      [Unskilled]

Voluntary challenges:
 Character rerolling was not enabled.
 You never genocided any monsters.
 You never polymorphed an object.
 You never changed form.
 You used no wishes.
Achievements:
 You entered a shop.
 You entered the Gnomish Mines.

 The Dungeons of Doom: levels 1 to 4
    Level 1:
    Level 2:
       Many altars, a fountain.
    Level 3:
       A ring shop, a grave.
    Level 4: <- You were here.
       A general store, some fountains.
       Stairs down to The Gnomish Mines.
       Final resting place for
          you, killed by an acidic corpse.
 The Gnomish Mines:
    Level 5:


Vanquished creatures:
  a giant bat
 an acid blob
  a giant rat
  a gecko
  5 jackals
  a fox
  a goblin
  3 lichens
  3 newts
17 creatures vanquished.

No species were genocided or became extinct.

Game over:
                       ----------
                      /          \
                     /    REST    \
                    /      IN      \
                   /     PEACE      \
                  /                  \
                  |     CyberFan     |
                  |      51 Au       |
                  |   killed by an   |
                  |  acidic corpse   |
                  |                  |
                  |                  |
                  |       2026       |
                 *|     *  *  *      | *
        _________)/\\_//(\/(/\)/\//\/|_)_______

Goodbye CyberFan the Archeologist...

You died in The Dungeons of Doom on dungeon level 4 with 418 points,
and 51 pieces of gold, after 1338 moves.
You were level 2 with a maximum of 21 hit points when you died.

